 Dungeon Crawl Stone Soup version 0.31-a0-1612-g4aaf141004 (webtiles) character file.

Game seed: 298696586097620476

297 bmb222 the Covert (level 6, -6/48 (53) HPs)
             Began as a Gnoll Delver on Jan 9, 2024.
             Was a Priest of Cheibriados.
             Mangled by a wight
             ... wielding a +1 morningstar
              (10 damage)
             ... on level 4 of the Dungeon.
             The game lasted 00:05:09 (3188 turns).

bmb222 the Covert (Gnoll Delver)                    Turns: 3188, Time: 00:05:10

HP:   -6/48 (53)    AC:  9    Str: 17 (20) XL:     6   Next: 35%
MP:   0/9           EV: 13    Int: 15 (16) God:    Cheibriados [***...]
Gold: 152           SH:  0    Dex: 18 (21) Spells: 9/9 levels left

rFire   + + +        w - +1 hammer (drain)
rCold   x . .        (no shield)
rNeg    . . .        o - +1 ring mail
rPois   .            h - +2 hat of Mesipuw {rF+++ rC- Will++}
rElec   .            v - +0 cloak
rCorr   .            (no gloves)
SInv    .            (no boots)
Will    ++...        j - amulet of guardian spirit
Stlth   ++++         (no ring)
HPRegen 0.28/turn    (no ring)
MPRegen 0.11/turn

%: guardian spirit
@: drained, very slow
A: fangs 1, strong nose, distributed training
a: Renounce Religion, Bend Time, Temporal Distortion


You were on level 4 of the Dungeon.
You worshipped Cheibriados.
Cheibriados was most pleased with you.
You visited 1 branch of the dungeon, and saw 5 of its levels.

You collected 152 gold pieces.

Inventory:

Hand Weapons
 a - a +0 spear
 w - a +1 hammer of draining (weapon)
Missiles
 d - a boomerang (quivered)
 x - 10 poisoned darts
Armour
 b - a +0 leather armour
 h - the +2 hat of Mesipuw (worn) {rF+++ rC- Will++}
   (You acquired it on level 4 of the Dungeon)

   rF+++:     It renders you almost immune to fire.
   rC-:       It makes you vulnerable to cold.
   Will++:    It greatly increases your willpower.
 o - a +1 ring mail (worn)
 v - a +0 cloak (worn)
Magical Staves
 s - a staff of conjuration
Jewellery
 j - an amulet of guardian spirit (around neck)
 m - a ring of positive energy
 p - a +6 ring of strength
 t - an amulet of the acrobat
Wands
 g - a wand of digging (3)
 k - a wand of mindburst (18)
Scrolls
 c - a scroll of fog
 e - 3 scrolls of fear
Potions
 f - a potion of haste
 i - a potion of magic
 u - a potion of attraction


   Skills:
 + Level 6.8 Fighting
 + Level 2.0 Short Blades
 + Level 2.0 Long Blades
 + Level 2.0 Axes
 + Level 2.0 Maces & Flails
 + Level 5.0 Polearms
 + Level 2.0 Staves
 + Level 2.0 Ranged Weapons
 + Level 2.0 Throwing
 + Level 2.0 Armour
 + Level 5.0 Dodging
 + Level 9.8 Stealth
 + Level 2.0 Shields
 + Level 2.0 Unarmed Combat
 + Level 2.0 Spellcasting
 + Level 1.6 Conjurations
 + Level 1.6 Hexes
 + Level 1.6 Summonings
 + Level 1.6 Necromancy
 + Level 1.6 Translocations
 + Level 1.6 Fire Magic
 + Level 1.6 Ice Magic
 + Level 1.6 Air Magic
 + Level 1.6 Earth Magic
 + Level 1.6 Alchemy
 + Level 2.2 Invocations
 + Level 2.0 Evocations
 + Level 1.8 Shapeshifting


You had 9 spell levels left.
You didn't know any spells.
Your spell library contained the following spells:

 Spells                   Type           Power      Damage    Failure   Level
 Call Imp                 Summ           12%        N/A       30%         2
 Sublimation of Blood     Necr           6%         N/A       30%         2
 Call Canine Familiar     Summ           6%         N/A       52%         3
 Sigil of Binding         Hex            6%         N/A       52%         3
 Dimensional Bullseye     Hex/Tloc       3%         N/A       90%         4
 Summon Hydra             Summ           3%         N/A       100%        7


Dungeon Overview and Level Annotations

Branches:
Dungeon (5/15)             Temple (0/1) D:4

Altars:
Cheibriados
Wu Jian


Innate Abilities, Weirdness & Mutations

You have very sharp teeth.
Your uncanny sense of smell can sniff out nearby items.
Your experience applies equally to all skills.


Message History

It was a potion of curing.
You feel better.
The wight hits you with a +1 morningstar.
The wight closely misses you. x2
Unknown command.
Okay, then.
As you read the scroll of fog, it dissolves into smoke.
The wight closely misses you. The wight barely misses you.
The wight closely misses you.
The wight hits you with a +1 morningstar.
The wight attacks as it pursues you! The wight closely misses you. x3
The wight barely misses you. The wight attacks as it pursues you!
The wight closely misses you. The wight attacks as it pursues you!
The wight hits you but does no damage. The wight attacks as it pursues you!
The wight hits you with a +1 morningstar!
The wight misses you. The wight hits you but does no damage.
The wight attacks as it pursues you!
The wight hits you from afar with a +0 halberd.
You feel drained. The wight attacks as it pursues you!
The wight hits you with a +1 morningstar.
* * * LOW HITPOINT WARNING * * *
The wight attacks as it pursues you!
The wight hits you from afar with a +0 halberd.
* * * LOW HITPOINT WARNING * * *
The wight misses you. x2
The wight hits you but does no damage. The wight attacks as it pursues you!
The wight closely misses you. The wight misses you.
The wight attacks as it pursues you! The wight misses you.
The wight attacks as it pursues you! The wight barely misses you.
The wight hits you with a +1 morningstar!
* * * LOW HITPOINT WARNING * * *
You feel drained.
* * * LOW HITPOINT WARNING * * *
You hit the wight.
The wight is heavily damaged.
The wight hits you with a +4 morningstar.
* * * LOW HITPOINT WARNING * * *
The wight hits you with a +1 morningstar!
You die...

....#.'.....# ####......#
....#.#.....# #.........#
....'.......# #.#############
....#.......# #......########
######....#########...##.########
########..............##.########
.....###...#######.#..##.########
.....#......)#####....##.########
.....#.###.#...z@####.##.########
.....[........z..z..............>
.....#.######.##z....###...#####.
.....#.# #.##.###..........##.
######.# #......#..........##.
.......# #.z#...#..........##.
######## #..##..#..........##.
####### #..##..#..........##.
......# #..###............##.


You could see 4 wights.

Vanquished Creatures
  A jelly (D:2)
  A hound (D:4)
  Crazy Yiuf (D:3)
  An iguana (D:4)
  An orc wizard (D:4)
  8 adders
  A ribbon worm (D:2)
  3 dart slugs
  10 orcs
  5 ball pythons
  3 bats
  2 endoplasms
  4 giant cockroaches
  7 goblins
  8 hobgoblins
  3 quokkas
  2 frilled lizards
  5 kobolds
  6 rats
72 creatures vanquished.

Notes
Turn   | Place    | Note
-------+----------+-------------------------------------------
     0 | D:5      | Reached skill level 9 in Stealth
     0 | D:5      | bmb222 the Gnoll Delver began the quest for the Orb.
     0 | D:5      | Reached XP level 1. HP: 23/23 MP: 1/1
     4 | D:5      | Found a snail-covered altar of Cheibriados.
    11 | D:5      | Noticed a hound
    13 | D:5      | Noticed a jelly
    16 | D:5      | Became a worshipper of Cheibriados the Contemplative
   208 | D:3      | Reached XP level 2. HP: 22/29 MP: 2/2
   401 | D:2      | Reached XP level 3. HP: 23/35 MP: 3/3
   408 | D:2      | Reached skill level 1 in Invocations
   409 | D:2      | Reached * piety under Cheibriados
   643 | D:2      | Reached skill level 1 in Short Blades
   643 | D:2      | Reached skill level 1 in Long Blades
   643 | D:2      | Reached skill level 1 in Axes
   643 | D:2      | Reached skill level 1 in Maces & Flails
   643 | D:2      | Reached skill level 1 in Staves
   643 | D:2      | Reached skill level 1 in Ranged Weapons
   643 | D:2      | Reached skill level 1 in Throwing
   643 | D:2      | Reached skill level 1 in Armour
   643 | D:2      | Reached skill level 1 in Shields
   643 | D:2      | Reached skill level 1 in Unarmed Combat
   643 | D:2      | Reached skill level 1 in Spellcasting
   643 | D:2      | Reached skill level 1 in Evocations
   693 | D:2      | Reached skill level 1 in Shapeshifting
   693 | D:2      | Reached XP level 4. HP: 38/41 MP: 2/5
   806 | D:2      | Reached skill level 1 in Conjurations
   806 | D:2      | Reached skill level 1 in Hexes
   806 | D:2      | Reached skill level 1 in Summonings
   806 | D:2      | Reached skill level 1 in Necromancy
   806 | D:2      | Reached skill level 1 in Translocations
   806 | D:2      | Reached skill level 1 in Fire Magic
   806 | D:2      | Reached skill level 1 in Ice Magic
   806 | D:2      | Reached skill level 1 in Air Magic
   806 | D:2      | Reached skill level 1 in Earth Magic
   806 | D:2      | Reached skill level 1 in Alchemy
  1293 | D:1      | Reached ** piety under Cheibriados
  1657 | D:1      | Reached XP level 5. HP: 47/47 MP: 7/7
  2028 | D:3      | Found a runed translucent door.
  2029 | D:3      | Noticed Crazy Yiuf
  2226 | D:3      | Found a faded altar of an unknown god.
  2266 | D:3      | Found an ornate altar of the Wu Jian Council.
  2539 | D:3      | Killed Crazy Yiuf
  2841 | D:4      | Found a staircase to the Ecumenical Temple.
  2848 | D:4      | Reached *** piety under Cheibriados
  2891 | D:4      | Reached XP level 6. HP: 52/53 MP: 8/8
  2896 | D:4      | Reached skill level 5 in Polearms
  2896 | D:4      | Reached skill level 5 in Dodging
  2930 | D:4      | Identified a scroll of acquirement
  2955 | D:4      | Acquired the +2 hat of Mesipuw {rF+++ rC- Will++}
  3188 | D:4      | Mangled by a wight

Illustrated notes

Levels and vault maps discovered:
D:1:      amcnicky_arrival_blooded_trapdoor, layout_basic
D:2:      layout_basic, minmay_tall_x
D:3:      layout_rooms, nicolae_wu_jian_glorious_leap,
          ebering_ecumenical_altar_rust, uniq_crazy_yiuf_cottage
D:4:      layout_basic, nicolae_dithmenos_the_darkroom,
          minmay_temple_entry_statues_fountains
D:5:      layout_cave_pools, mainiacjoe_overflow_cross_hatched,
          xom_confusion_cloud, mainiacjoe_overflow_alcove_2,
          kennysheep_big_empty_room

Skill      XL: |  1  2  3  4  5  6 |
---------------+-------------------+-----
Stealth        | |  9.8
Invocations    | 1 2 |  2.2
Short Blades   | 1 2 |  2.0
Long Blades    | 1 2 |  2.0
Axes           | 1 2 |  2.0
Maces & Flails | 1 2 |  2.0
Staves         | 1 2 |  2.0
Ranged Weapons | 1 2 |  2.0
Throwing       | 1 2 |  2.0
Armour         | 1 2 |  2.0
Shields        | 1 2 |  2.0
Unarmed Combat | 1 2 |  2.0
Spellcasting   | 1 2 |  2.0
Evocations     | 1 2 |  2.0
Shapeshifting  | 1 |  1.8
Conjurations   | 1 |  1.6
Hexes          | 1 |  1.6
Summonings     | 1 |  1.6
Necromancy     | 1 |  1.6
Translocations | 1 |  1.6
Fire Magic     | 1 |  1.6
Ice Magic      | 1 |  1.6
Air Magic      | 1 |  1.6
Earth Magic    | 1 |  1.6
Alchemy        | 1 |  1.6
Polearms       | 5 |  5.0
Dodging        | 5 |  5.0
Fighting       | |  6.8

Action                     |  1- 3 |  4- 6 || total
---------------------------+-------+-------++-------
  Melee: Spear             |   113 |   114 ||   227
         Bite              |     4 |    21 ||    25
         Punch             |     2 |       ||     2
         Mace              |       |    52 ||    52
  Throw: Boomerang         |       |     1 ||     1
    Use: Scroll            |     1 |     6 ||     7
         Potion            |       |     6 ||     6
   Stab: Sleeping          |     9 |    16 ||    25
         Distracted        |       |     1 ||     1
 Armour: Leather armour    |    41 |     4 ||    45
         Ring mail         |       |    74 ||    74
  Dodge: Dodged            |    62 |   117 ||   179

Table legend: (Time is in decaauts)
 A = Elapsed time spent in this place.
 B = Non-inter-level travel time spent in this place.
 C = Inter-level travel time spent in this place.
 D = Time resting spent in this place.
 E = Time spent auto-exploring this place.
 F = Levels seen in this place.
 G = Mean time per level.
                   A        B        C        D        E       F      G
               +--------+--------+--------+--------+--------+-----+--------+
         Total |   4312 |   3875 |    437 |    154 |   2872 |   5 |  862.4 |
       Dungeon |   4312 |   3875 |    437 |    154 |   2872 |   5 |  862.4 |
               +--------+--------+--------+--------+--------+-----+--------+

Top non-repeatable levels by time:
     D:3: 1447 daAuts
     D:2: 1160 daAuts
     D:1: 1007 daAuts
     D:4: 670 daAuts
     D:5: 27 daAuts
